 Dungeon Crawl Stone Soup version 0.27-a0-836-gfc908b8576 (webtiles) character file.

Game seed: 7539232899028939545

62 rageheart7 the Skirmisher (level 3, 0/30 HPs)
             Began as a Demonspawn Chaos Knight on Mar 31, 2021.
             Was a Plaything of Xom.
             Succumbed to an adder's poison
             ... on level 3 of the Dungeon.
             The game lasted 00:05:03 (2387 turns).

rageheart7 the Skirmisher (Demonspawn Chaos Knight) Turns: 2387, Time: 00:05:04

Health: 0/30       AC:  5    Str: 13    XL:     3   Next: 85%
Magic:  3/3        EV: 11    Int: 13    God:    Xom [..*...]
Gold:   60         SH:  0    Dex: 12    Spells: 2/2 levels left

rFire    . . .     SeeInvis .   c - +2 hand axe (vorpal)
rCold    . . .     Faith    .   (no shield)
rNeg     . . .     Spirit   .   b - +2 leather armour
rPois    .         Reflect  .   (no helmet)
rElec    .         Harm     .   (no cloak)
rCorr    .         Rampage  .   (no gloves)
Will     .....                  (no boots)
Stlth    +.........             (no amulet)
HPRegen  0.10/turn              (no ring)
MPRegen  0.08/turn              (no ring)

@: brilliant, lethally poisoned (0 -> -9), flying, hasted, very quick
A: powered by death 1
a: Renounce Religion


You were on level 3 of the Dungeon.
You worshipped Xom.
You were a toy of Xom.
You visited 1 branch of the dungeon, and saw 3 of its levels.

You collected 60 gold pieces.

Inventory:

Hand Weapons
 a - a +0 mace of chaos
 c - a +2 vorpal hand axe (weapon)
Armour
 b - a +2 leather armour (worn)
 h - a +0 chain mail
Scrolls
 e - 2 scrolls of enchant weapon
 f - a scroll of noise
 i - a scroll of identify {unknown}
 k - a scroll of blinking {unknown}
Potions
 g - 2 potions of flight


   Skills:
 * Level 4.3 Fighting
 + Level 3.3 Maces & Flails
 - Level 1.7 Armour
 - Level 0.8 Dodging


You had 2 spell levels left.
You didn't know any spells.
Your spell library was empty.

Dungeon Overview and Level Annotations

Branches:
Dungeon (3/15)

Altars:

Shops:
D:2 *   D:3 !

Portals:
Sewer: D:3


Innate Abilities, Weirdness & Mutations

You regenerate a little health from kills.


Message History

The adder poisons you!
You miss the adder.
The adder is heavily wounded.
You feel sick. The adder barely misses you. x2
You hit the adder but do no damage.
The adder is heavily wounded.
You feel sick. The adder barely misses you.
You barely miss the adder.
The adder is heavily wounded.
You feel sick. The adder bites you but does no damage.
The adder closely misses you.
You slash the adder!
You kill the adder!
You feel sick.
You feel sick.
You see here an adder corpse.
It was a potion of flight.
You feel very buoyant.
You fly up into the air.
You feel sick.
It was a potion of haste.
You feel yourself speed up.
You feel sick.
You are no longer poisoned.
It was a potion of brilliance.
You feel clever all of a sudden.
You hear the brisk rusting of a drain nearby.
An adder comes into view.
The adder hisses angrily.
Found a glowing drain.
You miss the adder. The adder bites you but does no damage.
You closely miss the adder. The adder bites you.
* * * LOW HITPOINT WARNING * * *
You hit the adder.
The adder is lightly wounded.
The adder barely misses you. The adder bites you.
* * * LOW HITPOINT WARNING * * *
You are lethally poisoned!
The adder poisons you!
You hit the adder.
The adder is heavily wounded.
You die...
Xom roars with laughter!

#..........# ####'#######
#.#.....' #.#.##### #.#.# #
#.#.# # #.#.#####
#.###################......
#.........@S≈≈≈≈≈≈∩ #......
#####......##########......
#.###### #.#........ #.#
#.#........ #.#########
#.#........ #......†..#
#.#........
#....######.###.#........
#....+........#.#........
#....#####.##.#.#........


You could see an adder.

Vanquished Creatures
  3 adders
  A worm (D:3)
  An orc (D:3)
  5 bats
  An endoplasm (D:1)
  2 giant cockroaches
  5 hobgoblins
  A quokka (D:1)
  A ball python (D:1)
  3 frilled lizards (D:2)
  4 goblins
  A kobold (D:1)
  3 rats
31 creatures vanquished.

Notes
Turn   | Place    | Note
-------+----------+-------------------------------------------
     0 | D:1      | rageheart7 the Demonspawn Chaos Knight began the quest for
                  | the Orb.
     0 | D:1      | Reached XP level 1. HP: 18/18 MP: 1/1
    10 | D:1      | XOM: silly message
   391 | D:1      | XOM: divination: detect creatures
   604 | D:1      | XOM: divination: magic mapping
   630 | D:1      | XOM is BORED!
   636 | D:1      | XOM: 3-stop teleportation journey
   704 | D:1      | XOM: silly message
   928 | D:1      | Gained mutation: You regenerate a little health from kills.
                  | [demonic ancestry]
   928 | D:1      | Reached XP level 2. HP: 22/24 MP: 2/2
  1289 | D:2      | XOM: silly message
  1537 | D:2      | Found Ziufy's Assorted Antiques.
  1555 | D:2      | Reached XP level 3. HP: 10/30 MP: 3/3
  1835 | D:2      | Reached skill level 4 in Fighting
  1945 | D:2      | XOM: silly message
  2208 | D:3      | Found Nahecripn's Distillery.
  2382 | D:3      | Found a glowing drain.
  2386 | D:3      | HP: 1/30 [adder (4)]
  2387 | D:3      | Succumbed to an adder's poison

Illustrated notes

Levels and vault maps discovered:
D:1:      dpeg_arrival_stone_temple_mockup, layout_basic, serial_rivers,
          chequers_serial_rivers_marsh, chequers_serial_rivers_micro_a,
          chequers_serial_rivers_room_b, chequers_serial_rivers_room_a,
          chequers_serial_rivers_small_b, chequers_serial_rivers_micro_e
D:2:      layout_basic, serial_shops, shop
D:3:      layout_basic, general_overflow_altar, serial_shops,
          nicolae_shop_waterfront, portal_sewer_entry_d

Skill      XL: |  1  2  3 |
---------------+----------+-----
Maces & Flails | 3 |  3.3
Fighting       | 4 |  4.3
Armour         | |  1.7
Dodging        | |  0.8

Action                   || total
-------------------------++-------
Melee: Hand axe          ||   115
       Mace              ||     1
  Use: Potion            ||     3
       Scroll            ||     2
Armor: Leather armour    ||    42
Dodge: Dodged            ||    72

Table legend: (Time is in decaauts)
 A = Elapsed time spent in this place.
 B = Non-inter-level travel time spent in this place.
 C = Inter-level travel time spent in this place.
 D = Time resting spent in this place.
 E = Time spent auto-exploring this place.
 F = Levels seen in this place.
 G = Mean time per level.
                   A        B        C        D        E       F      G
               +--------+--------+--------+--------+--------+-----+--------+
         Total |   2407 |   2293 |    114 |      0 |   1783 |   3 |  802.3 |
       Dungeon |   2407 |   2293 |    114 |      0 |   1783 |   3 |  802.3 |
               +--------+--------+--------+--------+--------+-----+--------+

Top non-repeatable levels by time:
     D:1: 1179 daAuts
     D:2: 913 daAuts
     D:3: 314 daAuts
